 Dungeon Crawl Stone Soup version 0.26-a0-651-gb41185065b (webtiles) character file.

Game seed: 14642260459976333163

18136 zhorgal the Tainter (level 12, -11/62 HPs)
             Began as a Spriggan Venom Mage on Sept 30, 2020.
             Was an Initiate of Gozag.
             Mangled by a six-headed hydra (18 damage)
             ... on level 2 of the Lair of Beasts on Oct 26, 2020.
             The game lasted 01:48:51 (19623 turns).

zhorgal the Tainter (Spriggan Venom Mage)          Turns: 19623, Time: 01:48:51

Health: -11/62     AC:  7    Str:  4    XL:     12   Next: 25%
Magic:  26/29      EV: 26    Int: 28    God:    Gozag
Gold:   2419       SH:  0    Dex: 18    Spells: 1/21 levels left

rFire    . . .     SeeInvis +   B - +3 falchion "Lunivyru" {vorpal, rC+ Dex+2}
rCold    + . .     Faith    .   (shield restricted)
rNeg     . . .     Spirit   .   a - +0 robe
rPois    +         Reflect  .   Z - +2 hat
rElec    .         Harm     .   I - +2 cloak {rPois}
rCorr    .         Rampage  .   (gloves unavailable)
MR       ++...                  (boots unavailable)
Stlth    ++++......             K - amulet of magic regeneration
HPRegen  0.20/turn              J - ring of magical power
MPRegen  0.46/turn              V - +6 ring of intelligence

@: very quick
A: very small, unfitting armour, see invisible, speed 3
a: Potion Petition, Call Merchant, Bribe Branch, Renounce Religion


You were on level 2 of the Lair of Beasts.
You worshipped Gozag.
Gozag was most pleased with you.
You visited 4 branches of the dungeon, and saw 15 of its levels.
You also visited: Ice Cave.

You collected 2497 gold pieces.
You paid 78 gold pieces to Gozag.

Inventory:

Hand Weapons
 t - a +1 flail of protection
 A - a +0 shortbow
 B - the +3 falchion "Lunivyru" (weapon) {vorpal, rC+ Dex+2}
   (You found it on level 5 of the Dungeon)

   It inflicts extra damage upon your enemies.
   It affects your dexterity (+2).
   It protects you from cold.
 G - a +3 short sword of speed
 M - a +0 hunting sling
 R - a +0 vampiric demon trident {!w}
 W - a +2 hand axe of venom
 X - a +5 falchion
 Y - a cursed -3 fustibalus
Missiles
 b - 232 arrows
 g - 490 stones (quivered)
 i - 16 boomerangs
 p - 175 sling bullets
 Q - 11 poisoned darts
Armour
 a - a +0 robe (worn)
 I - a +2 cloak of poison resistance (worn)
 Z - a +2 hat (worn)
Jewellery
 h - an uncursed amulet of reflection
 y - an uncursed ring of flight
 C - an uncursed amulet of guardian spirit
 E - an uncursed amulet of the acrobat
 J - a ring of magical power (left hand)
 K - an amulet of magic regeneration (around neck)
 V - a +6 ring of intelligence (right hand)
Wands
 w - a wand of flame (44)
 D - a wand of iceblast (7)
 H - a wand of acid (9)
 T - a wand of enslavement (5)
 U - a wand of polymorph (8)
Scrolls
 f - 5 scrolls of remove curse
 j - 3 scrolls of blinking
 l - 7 scrolls of amnesia
 s - 4 scrolls of enchant armour
 v - a scroll of enchant weapon
 L - 7 scrolls of teleportation
 N - a scroll of fog
 P - 2 scrolls of identify
 S - 3 scrolls of fear
Potions
 c - a potion of cancellation {unknown}
 d - a potion of invisibility {unknown}
 e - 4 potions of heal wounds
 k - 3 potions of stabbing
 m - a potion of might {unknown}
 n - a potion of haste {unknown}
 o - 2 potions of flight
 q - 6 potions of curing
 x - 2 potions of lignification {!q}
 z - a potion of magic {unknown}
 F - 2 potions of ambrosia
 O - a potion of brilliance {unknown}
Miscellaneous
 r - a tin of tremorstones (inert)
 u - a box of beasts (3/3)


   Skills:
 + Level 6.5 Fighting
 - Level 10.0 Dodging
 - Level 9.7 Stealth
 - Level 5.0 Spellcasting
 - Level 2.7 Summonings
 + Level 9.0 Transmutations
 - Level 4.9 Air Magic
 + Level 6.1 Earth Magic
 - Level 10.0 Poison Magic
 + Level 7.8 Evocations


You had one spell level left.
You knew the following spells:

 Your Spells              Type           Power        Failure   Level
a - Sting                 Tmut/Pois      ####         1%          1
b - Poisonous Vapours     Pois/Air       #####.       1%          2
c - Mephitic Cloud        Conj/Pois/Air  ####....     2%          3
d - Olgreb's Toxic Radia  Pois           ######..     1%          4
e - Summon Lightning Spi  Summ/Air       ####....     14%         4
f - Passwall              Tmut/Erth      #####...     1%          2
g - Petrify               Tmut/Erth      #####...     3%          4

Your spell library contained the following spells:

 Spells                   Type           Power        Failure   Level
 Beastly Appendage        Tmut           ######       1%          1
 Sandblast                Erth           #####.       1%          1
 Summon Small Mammal      Summ           ###.         2%          1
 Magic Dart               Conj           #...         7%          1
 Wereblood                Tmut           ######..     1%          2
 Ignite Poison            Fire/Tmut/Pois #####...     1%          3
 Spider Form              Tmut/Pois      ######....   1%          3
 Call Imp                 Summ           ###.....     3%          2
 Blade Hands              Tmut           ######....   4%          5
 Call Canine Familiar     Summ           ###.....     6%          3
 Stone Arrow              Conj/Erth      ###...       6%          3
 Searing Ray              Conj           #.....       10%         2
 Ice Form                 Ice/Tmut       ####....     11%         4
 Summon Guardian Golem    Hex/Summ       ##......     12%         3
 Lee's Rapid Deconstruct  Erth           #####.....   16%         5
 Dazzling Flash           Conj/Hex       #.....       21%         3
 Summon Ice Beast         Ice/Summ       ##......     36%         4
 Fulminant Prism          Conj/Hex       #.........   54%         4
 Iskenderun's Mystic Bla  Conj/Tloc      #.......     54%         4


Dungeon Overview and Level Annotations

Branches:
Dungeon (11/15)            Temple (1/1) D:6            Lair (2/6) D:11
 Spider (0/4) Lair:2          Orc (1/2) D:10          IceCv (visited)
  Swamp: Lair:2-4    Shoals: Lair:2-4

Altars:
Ashenzari
Dithmenos
Elyvilon
Fedhas
Gozag
Hepliaklqana
Kikubaaqudgha
Makhleb
Nemelex Xobeh
Okawaru
Qazlal
Ru
Sif Muna
Trog
Uskayaw
Vehumet
Wu Jian
Xom
Yredelemnul
Zin
The Shining One

Shops:
D:10 [

Annotations:
D:7 exclusion: oklob plant
Lair:1 1 exclusion


Innate Abilities, Weirdness & Mutations

You are very small and have problems with some larger weapons.
You are too small for most types of armour.
You have supernaturally acute eyesight. (SInv)
You cover ground extremely quickly.


Message History

The six-headed hydra bites you!
The six-headed hydra bites you but does no damage.
The six-headed hydra misses you. The six-headed hydra bites you!!
* * * LOW HITPOINT WARNING * * *
The six-headed hydra barely misses you.
Your lightning spire shoots out a bolt of lightning at the six-headed hydra!
The bolt of electricity hits the six-headed hydra!
The six-headed hydra bites your lightning spire.
The six-headed hydra bites your lightning spire but does no damage.
The six-headed hydra bites your lightning spire!
The six-headed hydra bites your lightning spire but does no damage.
The six-headed hydra bites your lightning spire.
Your lightning spire is destroyed!
The six-headed hydra roars!
An electric hum fills the air.
The six-headed hydra bites you.
* * * LOW HITPOINT WARNING * * *
The six-headed hydra bites you!!
You die...
Your body crumbles into a pile of gold.

.♣♣ ♣♣≈≈≈♣ ♣♣ .
♣≈≈≈≈♣ ♣ .§ ♣≈≈≈≈♣
♣ ♣§♣≈≈≈≈♣
♣.§≈≈≈≈♣
♣...≈≈≈♣##
♣♣..≈8...# ♣
♣♣.♣≈.D.# ♣ ♣
♣♣.♣@## ♣♣ ♣♣♣.P#
.♣♣ ♣♣# ##♣#.##
..######♣.###.♣..#
................##
..###.P#.#.#.#..#
..# #############
#.# ..##


You could see a six-headed hydra and a friendly lightning spire (summoned).

Vanquished Creatures
  Gastronok (Lair:1)
  Erolcha (D:10)
  Urug (Lair:2)
  An unseen horror (D:10)
  An orb spider (Lair:2)
  Joseph (D:7)
  Psyche (D:8)
  A komodo dragon (Lair:2)
  2 trolls
  A hippogriff (D:7)
  A wyvern (D:11)
  17 yaks
  6 water moccasins
  A soldier ant (D:11)
  3 orc warriors
  3 porcupines
  2 ice beasts
  3 sky beasts
  A black bear (D:6)
  3 phantoms
  2 necrophages
  6 ogres
  4 wolves (Lair:2)
  7 centaurs
  8 crocodiles
  A big kobold (D:10)
  15 bullfrogs
  7 scorpions
  3 killer bees (D:11)
  5 wights
  2 howler monkeys
  A jelly (D:10)
  9 orc priests
  4 bullfrog skeletons
  A hound (D:11)
  3 centaur skeletons
  4 iguanas
  6 orc wizards
  12 worker ants
  2 hound zombies
  6 worker ant zombies
  15 gnolls
  2 howler monkey skeletons
  13 adders
  2 shadow imps
  2 white imps
  4 ufetubi
  4 worms
  4 dart slugs
  9 leopard geckos
  31 orcs
  4 bats
  3 giant cockroaches
  9 hobgoblins
  8 jackals
  4 quokkas
  2 ball pythons
  A ball python zombie (D:5)
  7 frilled lizards
  A giant cockroach zombie (D:5)
  8 goblins
  A jackal zombie (D:5)
  10 kobolds
  A quokka skeleton (D:9)
  9 rats
313 creatures vanquished.

Vanquished Creatures (collateral kills)
  Fannar (Lair:1)
  2 hydras (Lair:2)
  2 cane toads
  2 ice devils (Lair:1)
  A tyrant leech (Lair:2)
  A hippogriff (Lair:2)
  A water moccasin (Lair:1)
  A swamp worm (Lair:2)
  2 wolves (Lair:2)
  7 wights (D:10)
  2 nameless horrors
  Crazy Yiuf (D:5)
23 creatures vanquished.

Vanquished Creatures (others)
  53 fungi
  50 plants
103 creatures vanquished.

Grand Total: 439 creatures vanquished

Notes
Turn   | Place    | Note
-------+----------+-------------------------------------------
     0 | D:1      | zhorgal the Spriggan Venom Mage began the quest for the
                  | Orb.
     0 | D:1      | Reached XP level 1. HP: 9/9 MP: 5/5
   239 | D:1      | Reached XP level 2. HP: 7/13 MP: 4/7
   846 | D:1      | Reached XP level 3. HP: 16/16 MP: 6/8
  1277 | D:2      | Learned a level 2 spell: Poisonous Vapours
  1281 | D:2      | Learned a level 3 spell: Mephitic Cloud
  2043 | D:2      | Reached XP level 4. HP: 21/21 MP: 0/10
  2151 | D:2      | Found a sacrificial altar of Ru.
  2220 | D:2      | Learned a level 4 spell: Olgreb's Toxic Radiance
  2527 | D:2      | Reached skill level 5 in Poison Magic
  2961 | D:2      | Reached XP level 5. HP: 24/24 MP: 3/11
  3866 | D:3      | Learned a level 2 spell: Call Imp
  4738 | D:4      | Reached XP level 6. HP: 28/28 MP: 7/13
  5343 | D:5      | Entered Level 5 of the Dungeon
  5467 | D:5      | Got a transparent falchion
  5468 | D:5      | Identified the cursed +3 falchion "Lunivyru" {vorpal, rC+
                  | Dex+2} (You found it on level 5 of the Dungeon)
  5692 | D:5      | Noticed a sky beast
  5705 | D:5      | Killed a sky beast
  5705 | D:5      | Reached skill level 5 in Spellcasting
  6047 | D:5      | Reached XP level 7. HP: 21/32 MP: 10/15
  6387 | D:5      | Found a glowing golden altar of the Shining One.
  6518 | D:5      | Found a runed translucent door.
  6519 | D:5      | Noticed Crazy Yiuf
  6568 | D:5      | Killed Crazy Yiuf
  6911 | D:5      | Found an iron altar of Okawaru.
  6916 | D:5      | Found an ornate altar of the Wu Jian Council.
  6919 | D:5      | Found a hide-covered altar of Uskayaw.
  6922 | D:5      | Found a shimmering altar of Xom.
  7372 | D:6      | Reached skill level 1 in Fighting
  7456 | D:6      | Found a staircase to the Ecumenical Temple.
  7463 | D:6      | Reached skill level 5 in Stealth
  7489 | Temple   | Entered the Ecumenical Temple
  7526 | Temple   | Became a worshipper of Gozag Ym Sagoz the Greedy
  7577 | D:6      | Reached skill level 5 in Dodging
  7582 | D:6      | Reached XP level 8. HP: 22/38 MP: 16/16
  8635 | D:7      | Found a blossoming altar of Fedhas.
  8645 | D:7      | Noticed Joseph
  8667 | D:7      | HP: 1/39 [Joseph/sling bullet (9)]
  8680 | D:7      | Killed Joseph
  8982 | D:7      | Noticed an oklob plant
  9059 | D:7      | Reached XP level 9. HP: 34/44 MP: 17/17
  9282 | D:7      | Found a hazy altar of Hepliaklqana.
  9679 | D:7      | Found a glowing silver altar of Zin.
  9861 | D:8      | Found a stormy altar of Qazlal.
 10070 | D:9      | Noticed a troll
 10087 | D:9      | Killed a troll
 10600 | D:8      | Noticed Psyche
 10606 | D:8      | Killed Psyche
 10606 | D:8      | Reached skill level 1 in Air Magic
 10606 | D:8      | Reached skill level 10 in Poison Magic
 11294 | D:8      | Reached skill level 1 in Evocations
 11294 | D:8      | Reached XP level 10. HP: 44/50 MP: 18/18
 11315 | D:9      | Found an ornate altar of the Wu Jian Council.
 11613 | D:9      | Reached skill level 5 in Fighting
 11739 | D:9      | Learned a level 4 spell: Summon Lightning Spire
 11747 | D:9      | Reached skill level 10 in Dodging
 11946 | D:9      | Learned a level 2 spell: Passwall
 11989 | D:9      | Found a glowing golden altar of the Shining One.
 12246 | D:10     | Entered Level 10 of the Dungeon
 12448 | D:10     | Reached skill level 1 in Summonings
 12481 | D:10     | Found a staircase to the Orcish Mines.
 12817 | D:10     | Reached skill level 1 in Earth Magic
 13041 | D:10     | Found Ederism's Antique Armour Shoppe.
 13044 | D:10     | Noticed an unseen horror
 13059 | D:10     | Killed an unseen horror
 13432 | D:10     | Noticed Erolcha
 13458 | D:10     | Killed Erolcha
 13458 | D:10     | Reached XP level 11. HP: 19/56 MP: 19/19
 14295 | Orc:1    | Entered Level 1 of the Orcish Mines
 14828 | D:11     | Learned a level 4 spell: Petrify
 14875 | D:11     | Reached skill level 5 in Transmutations
 14890 | D:11     | Found a staircase to the Lair.
 15921 | Lair:1   | Entered Level 1 of the Lair of Beasts
 16188 | Lair:1   | Reached skill level 5 in Evocations
 16363 | Lair:1   | Found a frozen archway.
 16629 | IceCv    | Entered an ice cave
 16629 | IceCv    | Noticed a white ugly thing
 16785 | Lair:1   | Noticed Fannar
 16808 | Lair:1   | Killed Fannar
 16808 | Lair:1   | Reached skill level 5 in Earth Magic
 16878 | Lair:1   | Noticed Gastronok
 16954 | Lair:1   | Killed Gastronok
 17970 | Lair:2   | Reached XP level 12. HP: 61/61 MP: 18/20
 18035 | Lair:2   | Noticed a five-headed hydra
 18094 | Lair:2   | Killed a five-headed hydra
 18266 | Lair:2   | Found a hole to the Spider Nest.
 18366 | Lair:2   | HP: 3/61 [wolf (4)]
 18594 | Lair:2   | Noticed Urug
 18921 | Lair:2   | Killed Urug
 19427 | Lair:2   | Noticed a four-headed hydra
 19538 | Lair:2   | Killed a four-headed hydra
 19609 | Lair:2   | Noticed a six-headed hydra
 19623 | Lair:2   | Mangled by a six-headed hydra

Illustrated notes

Levels and vault maps discovered:
D:1:      co_arrival_square_in_a_square_in_a_square, layout_loops_ring,
          nrook_uturn, minivault_26
D:2:      layout_loops_ring, nicolae_ru_sacrificial_ziggurat, minmay_domino_2
D:3:      layout_loops_cross, chequers_jeans
D:4:      layout_loops_corners, kennysheep_generic_room_11
D:5:      kennysheep_spiral_hall, layout_basic, lemuel_doored_altar,
          grunt_temple_overflow_cloverleaf, item_on_display_a,
          uniq_crazy_yiuf_cottage
D:6:      layout_loops_ring, minmay_temple_entry_proselytizer
D:7:      layout_rooms, lemuel_crystal_altar, zin_scriptorium,
          serial_park_tiny_pond, tgw_fedhas, uniq_joseph
D:8:      layout_loops_ring, grunt_qazlal_sundering, uniq_psyche
D:9:      layout_cave_pools, basic_altar, tso_altar
D:10:     layout_basic, orc_0_dummy, serial_shops, nicolae_shop_waterfront,
          uniq_erolcha
D:11:     layout_stronghold, due_lair_maze_entry_diamond,
          kennysheep_small_circle
Temple:   cyrus_circular_temple
Lair:1:   layout_loops_ring, portal_ice_cave_demonic_guard, uniq_fannar,
          uniq_gastronok
Lair:2:   layout_long_grid, palyth_hydra_swamp_entry,
          nicolae_spider_entry_orb_guardian, uniq_urug
Orc:1:    layout_caves, basic_altar, mines4_lemuel

Skill      XL: |  1  2  3  4  5  6  7  8  9 10 11 12 |
---------------+-------------------------------------+-----
Spellcasting   | 3 4 5 |  5.0
Poison Magic   | 4 5 6 7 9 10 | 10.0
Stealth        | 5 7 9 |  9.7
Dodging        | 5 6 8 10 | 10.0
Fighting       | 1 3 4 5 6 |  6.5
Air Magic      | 2 4 |  4.9
Evocations     | 1 4 6 7 |  7.8
Summonings     | 2 |  2.7
Transmutations | 4 8 9 |  9.0
Earth Magic    | 2 5 6 |  6.1

Action                   |  1- 3 |  4- 6 |  7- 9 | 10-12 || total
-------------------------+-------+-------+-------+-------++-------
Melee: Dagger            |     1 |     1 |       |       ||     2
       Falchion          |       |     4 |   162 |   197 ||   363
       Unarmed           |       |       |     4 |       ||     4
Throw: Stone             |       |       |       |     7 ||     7
 Cast: Sting             |    56 |    57 |    70 |   119 ||   302
       Poisonous Vapours |    11 |    56 |    62 |   116 ||   245
       Call Imp          |       |     2 |     5 |       ||     7
       Olgreb's Toxic Ra |       |     4 |    13 |    43 ||    60
       Mephitic Cloud    |       |       |     2 |       ||     2
       Summon Lightning  |       |       |       |    31 ||    31
       Petrify           |       |       |       |     6 ||     6
Evoke: Tin of tremorston |       |       |       |     3 ||     3
       Wand              |       |       |       |     2 ||     2
  Use: Scroll            |       |       |    11 |    10 ||    21
       Potion            |       |       |       |     1 ||     1
 Stab: Sleeping          |       |       |     5 |     4 ||     9
       Confused          |       |       |     1 |       ||     1
       Distracted        |       |       |     3 |     3 ||     6
       Petrified         |       |       |       |    13 ||    13
Armor: Robe              |     4 |       |    24 |    30 ||    58
       Skin              |       |       |     1 |       ||     1
Dodge: Dodged            |    18 |    12 |   213 |   296 ||   539
       Rpst.: Falchion   |       |     1 |    63 |    77 ||   141

Table legend: (Time is in decaauts)
 A = Elapsed time spent in this place.
 B = Non-inter-level travel time spent in this place.
 C = Inter-level travel time spent in this place.
 D = Time resting spent in this place.
 E = Time spent auto-exploring this place.
 F = Levels seen in this place.
 G = Mean time per level.
                   A        B        C        D        E       F      G
               +--------+--------+--------+--------+--------+-----+--------+
         Total |  15384 |  14678 |    706 |    803 |   9874 |  16 |  961.5 |
       Dungeon |  12626 |  12001 |    625 |    462 |   8430 |  11 | 1147.8 |
        Temple |     31 |     23 |      8 |      0 |      4 |   1 |   31.0 |
          Lair |   2712 |   2639 |     73 |    341 |   1438 |   2 | 1356.0 |
  Orcish Mines |     12 |     12 |      0 |      0 |      0 |   1 |   12.0 |
      Ice Cave |      2 |      2 |      0 |      0 |      0 |   1 |    2.0 |
               +--------+--------+--------+--------+--------+-----+--------+

Top non-repeatable levels by time:
    D:10: 1657 daAuts
  Lair:1: 1644 daAuts
     D:2: 1567 daAuts
     D:5: 1428 daAuts
    D:11: 1236 daAuts
     D:7: 1166 daAuts
     D:6: 1100 daAuts
  Lair:2: 1067 daAuts
     D:8: 969 daAuts
     D:1: 961 daAuts
     D:9: 891 daAuts
     D:3: 888 daAuts
     D:4: 758 daAuts
  Temple: 31 daAuts
   Orc:1: 12 daAuts
